TOP OF THE 1ST |
San Francisco Giants batting - Pitching for Colorado Rockies : LHP Tyler Skaggs
|
Pitching: LHP Tyler Skaggs
|
|
Batting: RHB Dustin Pedroia
|
0-0: Foul Ball, location: 2F 0-1: Swinging Strike 0-2: SINGLE (Groundball, 6MD)
|
Batting: RHB Austin Jackson
|
0-0: Foul Ball, location: 2F 0-1: SINGLE (Groundball, 34) (infield hit) Dustin Pedroia to second
|
Batting: LHB Anthony Rizzo
|
0-0: Swinging Strike 0-1: Ball 1-1: Called Strike 1-2: Strikes out swinging
|
Batting: LHB Kyle Seager
|
0-0: Ball 1-0: Called Strike 1-1: Foul Ball, location: 2F 1-2: Ball 2-2: Fly out, F6 (Popup, 6)
|
Batting: LHB Corey Dickerson
|
0-0: Swinging Strike 0-1: Swinging Strike 0-2: Strikes out swinging
|
Top of the 1st over - 0 runs, 2 hits, 0 errors, 2 left on base; San Francisco 0 - Colorado 0 |
BOTTOM OF THE 1ST |
Colorado Rockies batting - Pitching for San Francisco Giants : RHP Trevor Williams
|
Pitching: RHP Trevor Williams
|
|
Batting: LHB Jake Bauers
|
0-0: Fly out, F9 (Flyball, 89M)
|
Batting: LHB Nick Markakis
|
0-0: Called Strike 0-1: Foul Ball, location: 2F 0-2: Ball 1-2: Fly out, F8 (Flyball, 8RD)
|
Batting: RHB Mike Trout
|
0-0: Ball 1-0: Ground out 4-3 (Groundball, 4)
|
Bottom of the 1st over - 0 runs, 0 hits, 0 errors, 0 left on base; San Francisco 0 - Colorado 0 |
TOP OF THE 2ND |
San Francisco Giants batting - Pitching for Colorado Rockies : LHP Tyler Skaggs
|
Batting: RHB Nelson Cruz
|
0-0: Ball 1-0: Foul Ball, location: 2F 1-1: Ball 2-1: Called Strike 2-2: SINGLE (Groundball, 6MD)
|
Batting: RHB Chris Gimenez
|
0-0: DOUBLE (Flyball, 8LXD) Nelson Cruz to third
|
Batting: RHB Tim Anderson
|
0-0: Foul Ball, location: 2F 0-1: Fly out, F9 (Flyball, 9S)
|
Batting: RHB Trevor Williams
|
0-0: Ball 1-0: Swinging Strike 1-1: Ball 2-1: Foul Ball, location: 2F 2-2: Ground out 1-3 (Groundball, 34S)
|
Batting: RHB Dustin Pedroia
|
0-0: Ball 1-0: Foul Ball, location: 2F 1-1: Ball 2-1: Foul Ball, location: 2F 2-2: Fly out, F9 (Flyball, 9LD)
|
Top of the 2nd over - 0 runs, 2 hits, 0 errors, 2 left on base; San Francisco 0 - Colorado 0 |
BOTTOM OF THE 2ND |
Colorado Rockies batting - Pitching for San Francisco Giants : RHP Trevor Williams
|
Batting: RHB Brett Lawrie
|
0-0: Ball 1-0: Ball 2-0: Ball 3-0: Base on Balls
|
Batting: RHB Bryce Brentz
|
0-0: Ball 1-0: Ball 2-0: Fly out, F9 (Flyball, 9S)
|
Batting: RHB Jordy Mercer
|
0-0: Fly out, F9 (Flyball, 9D)
|
Batting: RHB Martin Prado
|
0-0: SINGLE (Groundball, 56D) Brett Lawrie to second
|
Batting: SHB Sandy Leon
|
0-0: Called Strike 0-1: Foul Ball, location: 2F 0-2: Ground out 4-3 (Groundball, 4)
|
Bottom of the 2nd over - 0 runs, 1 hit, 0 errors, 2 left on base; San Francisco 0 - Colorado 0 |
TOP OF THE 3RD |
San Francisco Giants batting - Pitching for Colorado Rockies : LHP Tyler Skaggs
|
Batting: RHB Austin Jackson
|
0-0: Foul Ball, location: 2F 0-1: Called Strike 0-2: Foul Ball, location: 2F 0-2: DOUBLE (Line Drive, 78M)
|
Batting: LHB Anthony Rizzo
|
0-0: Called Strike 0-1: Ball 1-1: SINGLE (Groundball, 4MD) Austin Jackson to third Runner from 3rd tries for Home, throw by CF and OUT! 8-2
|
Batting: LHB Kyle Seager
|
0-0: Ball 1-0: Ball 2-0: SINGLE (Line Drive, 4M) Anthony Rizzo to second
|
Batting: LHB Corey Dickerson
|
0-0: Ball 1-0: Ball 2-0: Called Strike 2-1: Foul Ball, location: 2F 2-2: Foul Ball, location: 2F 2-2: DOUBLE (Line Drive, 89D) Anthony Rizzo scores Kyle Seager to third
|
Batting: RHB Nelson Cruz
|
0-0: Ball 1-0: Called Strike 1-1: Foul Ball, location: 2F 1-2: Ball 2-2: Ball 3-2: Foul Ball, location: 2F 3-2: SINGLE (Flyball, 9LS) Kyle Seager scores Corey Dickerson to third
|
Batting: RHB Chris Gimenez
|
0-0: Swinging Strike 0-1: Fielders Choice at 2nd, 6-4 (Groundball, 6) Corey Dickerson scores
|
Batting: RHB Tim Anderson
|
0-0: Ball 1-0: Ball 2-0: Called Strike 2-1: Ball 3-1: Base on Balls Chris Gimenez to second
|
Batting: RHB Trevor Williams
|
0-0: SINGLE (Groundball, 6) (infield hit) Chris Gimenez to third Tim Anderson to second
|
Batting: RHB Dustin Pedroia
|
0-0: Foul Ball, location: 2F 0-1: Ball 1-1: Ball 2-1: Swinging Strike 2-2: Foul Ball, location: 2F 2-2: Ball 3-2: Strikes out swinging
|
Top of the 3rd over - 3 runs, 6 hits, 0 errors, 3 left on base; San Francisco 3 - Colorado 0 |
BOTTOM OF THE 3RD |
Colorado Rockies batting - Pitching for San Francisco Giants : RHP Trevor Williams
|
Now in CF: Tyler Naquin
|
|
Batting: LHB Tyler Skaggs
|
0-0: Fly out, F9 (Flyball, 9LS)
|
Batting: LHB Jake Bauers
|
0-0: Called Strike 0-1: Ground out 1-3 (Groundball, 13S)
|
Batting: LHB Nick Markakis
|
0-0: Ball 1-0: Called Strike 1-1: Ball 2-1: Ball 3-1: Called Strike 3-2: Ground out 1-3 (Groundball, 34S)
|
Bottom of the 3rd over - 0 runs, 0 hits, 0 errors, 0 left on base; San Francisco 3 - Colorado 0 |
TOP OF THE 4TH |
San Francisco Giants batting - Pitching for Colorado Rockies : LHP Tyler Skaggs
|
Batting: LHB Tyler Naquin
|
0-0: Called Strike 0-1: Ground out 1-3 (Groundball, P)
|
Batting: LHB Anthony Rizzo
|
0-0: Called Strike 0-1: Ball 1-1: Ball 2-1: Foul Ball, location: 2F 2-2: SINGLE (Line Drive, 34)
|
Batting: LHB Kyle Seager
|
0-0: Called Strike 0-1: Ball 1-1: Ball 2-1: Foul Ball, location: 2F 2-2: Fly out, F5 (Popup, 6S)
|
Batting: LHB Corey Dickerson
|
0-0: Called Strike 0-1: Called Strike 0-2: Fly out, F7 (Line Drive, 7)
|
Top of the 4th over - 0 runs, 1 hit, 0 errors, 1 left on base; San Francisco 3 - Colorado 0 |
BOTTOM OF THE 4TH |
Colorado Rockies batting - Pitching for San Francisco Giants : RHP Trevor Williams
|
Batting: RHB Mike Trout
|
0-0: Called Strike 0-1: Called Strike 0-2: Strikes out looking
|
Batting: RHB Brett Lawrie
|
0-0: Called Strike 0-1: Fly out, F9 (Flyball, 9LMF)
|
Batting: RHB Bryce Brentz
|
0-0: Foul Ball, location: 2F 0-1: Reached on error, E1 (Groundball, 25)
|
Batting: RHB Jordy Mercer
|
0-0: Called Strike 0-1: Swinging Strike 0-2: Ball 1-2: Ground out U3 (Groundball, 34)
|
Bottom of the 4th over - 0 runs, 0 hits, 1 error, 1 left on base; San Francisco 3 - Colorado 0 |
TOP OF THE 5TH |
San Francisco Giants batting - Pitching for Colorado Rockies : LHP Tyler Skaggs
|
Pitching: RHP Tom Eshelman
|
|
Batting: RHB Nelson Cruz
|
0-0: Foul Ball, location: 2F 0-1: Ball 1-1: Foul Ball, location: 2F 1-2: Ball 2-2: Strikes out looking
|
Batting: RHB Chris Gimenez
|
0-0: Called Strike 0-1: Ball 1-1: Foul Ball, location: 2F 1-2: Strikes out looking
|
Batting: RHB Tim Anderson
|
0-0: Called Strike 0-1: Ball 1-1: Called Strike 1-2: Ground out 5-3 (Groundball, 56S)
|
Top of the 5th over - 0 runs, 0 hits, 0 errors, 0 left on base; San Francisco 3 - Colorado 0 |
BOTTOM OF THE 5TH |
Colorado Rockies batting - Pitching for San Francisco Giants : RHP Trevor Williams
|
Batting: RHB Martin Prado
|
0-0: Ball 1-0: Called Strike 1-1: Swinging Strike 1-2: Ball 2-2: Foul Ball, location: 2F 2-2: Fly out, F8 (Line Drive, 8LD)
|
Batting: SHB Sandy Leon
|
0-0: Ball 1-0: Foul Ball, location: 2F 1-1: Foul Ball, location: 2F 1-2: Ball 2-2: Ball 3-2: Foul Ball, location: 2F 3-2: Foul Ball, location: 2F 3-2: Foul Ball, location: 2F 3-2: Foul Ball, location: 2F 3-2: Base on Balls
|
Batting: RHB Tom Eshelman
|
0-0: Foul Ball, location: 2F 0-1: Ball 1-1: Reached on error, E3 (Groundball, 3) Sandy Leon to second
|
Batting: LHB Jake Bauers
|
0-0: Foul Ball, location: 2F 0-1: Ball 1-1: Ball 2-1: Foul Ball, location: 2F 2-2: DOUBLE (Groundball, 3L) Sandy Leon scores Tom Eshelman to third Runner from 3rd tries for Home, SAFE, no throw by RF
|
Batting: LHB Nick Markakis
|
0-0: SINGLE (Groundball, 34D) Jake Bauers to third Runner from 3rd tries for Home, SAFE, no throw by RF
|
Batting: RHB Mike Trout
|
0-0: Called Strike 0-1: Fly out, F3 (Popup, 3F)
|
Batting: RHB Brett Lawrie
|
0-0: Fly out, F9 (Flyball, 89M)
|
Bottom of the 5th over - 3 runs, 2 hits, 1 error, 1 left on base; San Francisco 3 - Colorado 3 |
TOP OF THE 6TH |
San Francisco Giants batting - Pitching for Colorado Rockies : RHP Tom Eshelman
|
Batting: RHB Trevor Williams
|
0-0: Ball 1-0: Called Strike 1-1: Swinging Strike 1-2: Strikes out looking
|
Batting: RHB Dustin Pedroia
|
0-0: Foul Ball, location: 2F 0-1: Foul Ball, location: 2F 0-2: Ball 1-2: Ball 2-2: Strikes out looking
|
Pitching: RHP Mike Fiers
|
|
Batting: LHB Tyler Naquin
|
0-0: Fly out, F5 (Popup, 56S)
|
Top of the 6th over - 0 runs, 0 hits, 0 errors, 0 left on base; San Francisco 3 - Colorado 3 |
BOTTOM OF THE 6TH |
Colorado Rockies batting - Pitching for San Francisco Giants : RHP Trevor Williams
|
Batting: RHB Bryce Brentz
|
0-0: Fly out, F7 (Flyball, 7LM)
|
Batting: RHB Jordy Mercer
|
0-0: Foul Ball, location: 2F 0-1: Ball 1-1: Ball 2-1: Ground out 2-3 (Groundball, 2L)
|
Batting: RHB Martin Prado
|
0-0: Ball 1-0: Ball 2-0: Called Strike 2-1: Foul Ball, location: 2F 2-2: Ground out 1-3 (Groundball, P)
|
Bottom of the 6th over - 0 runs, 0 hits, 0 errors, 0 left on base; San Francisco 3 - Colorado 3 |
TOP OF THE 7TH |
San Francisco Giants batting - Pitching for Colorado Rockies : RHP Mike Fiers
|
Batting: LHB Anthony Rizzo
|
0-0: Ball 1-0: Called Strike 1-1: Swinging Strike 1-2: Ball 2-2: Strikes out swinging
|
Batting: LHB Kyle Seager
|
0-0: Ball 1-0: Swinging Strike 1-1: Called Strike 1-2: Foul Ball, location: 2F 1-2: Strikes out swinging
|
Batting: LHB Corey Dickerson
|
0-0: Foul Ball, location: 2F 0-1: Ball 1-1: Ball 2-1: Called Strike 2-2: Strikes out swinging
|
Top of the 7th over - 0 runs, 0 hits, 0 errors, 0 left on base; San Francisco 3 - Colorado 3 |
BOTTOM OF THE 7TH |
Colorado Rockies batting - Pitching for San Francisco Giants : RHP Trevor Williams
|
Batting: SHB Sandy Leon
|
0-0: Called Strike 0-1: Ball 1-1: Ground out 4-3 (Groundball, 4M)
|
Pinch Hitting: RHB Anthony Alford
|
0-0: Ball 1-0: Ball 2-0: Fly out, F9 (Flyball, 89M)
|
Batting: LHB Jake Bauers
|
0-0: Ball 1-0: DOUBLE (Flyball, 8RXD)
|
Batting: LHB Nick Markakis
|
0-0: SINGLE (Line Drive, 4MD) Jake Bauers to third Runner from 3rd tries for Home, SAFE, throw by CF to home Nick Markakis to second
|
Batting: RHB Mike Trout
|
0-0: Called Strike 0-1: Fly out, F8 (Flyball, 8RXD)
|
Bottom of the 7th over - 1 run, 2 hits, 0 errors, 1 left on base; San Francisco 3 - Colorado 4 |
TOP OF THE 8TH |
San Francisco Giants batting - Pitching for Colorado Rockies : RHP Mike Fiers
|
Pitching: RHP Kazuhisa Makita
|
|
Batting: RHB Nelson Cruz
|
0-0: Ground out 4-3 (Groundball, 6MD)
|
Batting: RHB Chris Gimenez
|
0-0: Ball 1-0: Called Strike 1-1: SINGLE (Flyball, 7LD)
|
Batting: RHB Tim Anderson
|
0-0: SINGLE (Groundball, 56D) Chris Gimenez to second
|
Pinch Hitting: RHB Alcides Escobar
|
0-0: Called Strike 0-1: Sac Bunt to 3S - play at first, batter OUT! U3 Chris Gimenez to third Tim Anderson to second
|
Batting: RHB Dustin Pedroia
|
0-0: Called Strike 0-1: Ball 1-1: Foul Ball, location: 2F 1-2: Ball 2-2: Strikes out swinging
|
Top of the 8th over - 0 runs, 2 hits, 0 errors, 2 left on base; San Francisco 3 - Colorado 4 |
BOTTOM OF THE 8TH |
Colorado Rockies batting - Pitching for San Francisco Giants : RHP Trevor Williams
|
Pitching: RHP Brad Boxberger
|
|
Batting: RHB Brett Lawrie
|
0-0: Called Strike 0-1: Swinging Strike 0-2: Strikes out swinging
|
Batting: RHB Bryce Brentz
|
0-0: Called Strike 0-1: Ball 1-1: Ball 2-1: Ball 3-1: Fly out, F7 (Flyball, 7LM)
|
Batting: RHB Jordy Mercer
|
0-0: Called Strike 0-1: Called Strike 0-2: Strikes out looking
|
Bottom of the 8th over - 0 runs, 0 hits, 0 errors, 0 left on base; San Francisco 3 - Colorado 4 |
TOP OF THE 9TH |
San Francisco Giants batting - Pitching for Colorado Rockies : RHP Kazuhisa Makita
|
Pitching: RHP Tommy Hunter
|
|
Batting: LHB Tyler Naquin
|
0-0: Ball 1-0: Foul Ball, location: 2F 1-1: Ball 2-1: Fly out, F9 (Flyball, 9LDF)
|
Batting: LHB Anthony Rizzo
|
0-0: Ground out 4-3 (Groundball, 34)
|
Batting: LHB Kyle Seager
|
0-0: Called Strike 0-1: Ball 1-1: Foul Ball, location: 2F 1-2: Ball 2-2: Foul Ball, location: 2F 2-2: Ball 3-2: SINGLE (Groundball, 4) (infield hit)
|
Batting: LHB Corey Dickerson
|
0-0: Called Strike 0-1: Ball 1-1: Foul Ball, location: 2F 1-2: Strikes out swinging
|
Top of the 9th over - 0 runs, 1 hit, 0 errors, 1 left on base; San Francisco 3 - Colorado 4 |
|